 Dungeon Crawl Stone Soup version 0.19-a0-1384-gbb462ca (webtiles) character file.

884 PurpleRed the Destroyer (level 7, 0/36 HPs)
             Began as a Deep Elf Conjurer on Sept 3, 2016.
             Slain by a hound (6 damage)
             ... on level 6 of the Dungeon.
             The game lasted 00:16:34 (1568 turns).

PurpleRed the Destroyer (Deep Elf Conjurer)         Turns: 1568, Time: 00:16:35

Health: 0/36       AC:  4    Str:  5    XL:     7   Next: 76%
Magic:  2/19       EV: 12    Int: 22    God:
Gold:   212        SH:  4    Dex: 15    Spells: 4 memorised, 7 levels left

rFire  . . .     SeeInvis .     n - staff of wizardry
rCold  . . .     Gourm    .     a - +0 robe
rNeg   . . .     Faith    .     d - +0 buckler of the Wary Souls {rPois} (curse)
rPois  +         Spirit   .     (no helmet)
rElec  .         Dismiss  .     (no cloak)
rCorr  .         Reflect  .     m - +1 pair of gloves
MR     .....     Harm     .     (no boots)
Stlth  ++........               (no amulet)
                                (no ring)
                                (no ring)

@: no status effects
A: no striking features
a: no special abilities


You were on level 6 of the Dungeon.
You were not hungry.

You visited 2 branches of the dungeon, and saw 8 of its levels.

You collected 212 gold pieces.

Inventory:

Hand Weapons
 f - a +1 whip
 k - a +0 arbalest
Missiles
 g - a javelin of penetration (quivered)
Armour
 a - a +0 robe (worn)
 d - the cursed +0 buckler of the Wary Souls (worn) {rPois}
   (You found it on level 4 of the Dungeon)

   It protects you from poison.
   It has a curse placed upon it.
 e - a +0 buckler
 m - a +1 pair of gloves (worn)
Magical Staves
 n - an uncursed staff of wizardry (weapon)
Wands
 q - a wand of iceblast (7/15)
 t - a wand of confusion (27/48)
Scrolls
 h - a scroll of enchant armour
 j - a scroll of identify
Potions
 i - a potion of heal wounds
 r - a potion of brilliance
 s - a potion of mutation
Books
 b - a book of Conjurations

   Spells                             Type                      Level
   a - Magic Dart                     Conjuration                  1
   b - Searing Ray                    Conjuration                  2
   c - Dazzling Spray                 Conjuration/Hexes            3
   d - Fulminant Prism                Conjuration/Hexes            4
   e - Iskenderun's Mystic Blast      Conjuration                  4
   f - Iskenderun's Battlesphere      Conjuration/Charms           5
Comestibles
 c - 6 bread rations
 v - 2 chunks of flesh


   Skills:
 - Level 2.4 Dodging
 - Level 2.4 Stealth
 + Level 1.9 Shields
 + Level 6.7 Spellcasting
 * Level 8.2 Conjurations
 + Level 4.0 Charms


You had 7 spell levels left.
You knew the following spells:

 Your Spells              Type           Power        Failure   Level  Hunger
a - Magic Dart            Conj           ####         1%          1    None
b - Searing Ray           Conj           #####.       1%          2    None
c - Iskenderun's Mystic   Conj           #####...     1%          4    ###....
d - Iskenderun's Battles  Conj/Chrm      ####....     12%         5    #####..


Dungeon Overview and Level Annotations

Branches:
Dungeon (7/15)             Temple (1/1) D:4

Altars:
Ashenzari
Cheibriados
Dithmenos
Gozag
Hepliaklqana
Kikubaaqudgha
Makhleb
Qazlal
Sif Muna
Trog
Uskayaw
Xom
Yredelemnul
Zin
Beogh

Annotations:
D:6 Eustachio


Message History

Your Charms skill increases to level 4!
The hound barks!
The hound bites you. The hound misses you.
Your magical contamination has completely faded away.
You block the hound's attack. The hound closely misses you.
Casting: Searing Ray
Confirm with . or Enter, or press ? or * to list all spells.
Aiming: Searing Ray
Press: ? - help, Shift-Dir - straight line, f - hound
Aim: a hound The searing ray hits the hound.
The hound is lightly wounded.
The hound bites you.
* * * LOW HITPOINT WARNING * * *
The hound bites you.
* * * LOW HITPOINT WARNING * * *
The searing ray misses the hound.
The hound bites you.
You die...

#. #...###.# ##.##
#.......# #...#
##...#.### #...#
#..$...#
#...###..[...####
#.(.......#.....#
###...####.##..##.#
...........##..##.####..
...............h@.......
........<..##..##.####..
#.#...#.##.##.....#
#.#........###.####
#.#...#.#### #.#
#.#...#.# #.# #.......#
#.# ####.###### #..
#......#


You could see a hound.

Vanquished Creatures
  Menkaure (D:4)
  A water moccasin (D:6)
  A sky beast (D:4)
  A scorpion (D:5)
  A howler monkey (D:5)
  A giant frog zombie (D:6)
  A hound (D:5)
  A jelly (D:5)
  An orc priest (D:3)
  3 orc wizards
  A giant frog skeleton (D:4)
  3 worker ants
  3 hound zombies
  A gnoll (D:2)
  6 adders
  A worm (D:2)
  A dart slug (D:3)
  2 giant geckos
  18 orcs
  A giant cockroach (D:2)
  3 goblins
  2 hobgoblins
  3 jackals (D:5)
  2 kobolds (D:2)
  2 bats (D:3)
  3 giant newts
  A quokka zombie (D:5)
  3 rats
68 creatures vanquished.

Notes
Turn   | Place    | Note
-------+----------+-------------------------------------------
     0 | D:1      | PurpleRed the Deep Elf Conjurer began the quest for the Orb.
     0 | D:1      | Reached XP level 1. HP: 10/10 MP: 6/6
    78 | D:2      | Reached XP level 2. HP: 15/15 MP: 2/8
   127 | D:2      | Learned a level 2 spell: Searing Ray
   138 | D:2      | Reached skill level 5 in Conjurations
   217 | D:3      | Found a snail-covered altar of Cheibriados.
   263 | D:5      | Entered Level 5 of the Dungeon
   267 | D:5      | Reached XP level 3. HP: 19/19 MP: 5/10
   278 | D:5      | Reached XP level 4. HP: 18/24 MP: 1/12
   293 | D:5      | You fall through a shaft for 2 floors!
   347 | D:7      | Noticed a centaur
   382 | D:7      | Noticed a giant frog
   387 | D:6      | Noticed Eustachio
   406 | D:6      | Learned a level 4 spell: Iskenderun's Mystic Blast
   448 | D:6      | Reached skill level 6 in Conjurations
   451 | D:6      | Reached XP level 5. HP: 14/28 MP: 3/14
   451 | D:6      | Reached skill level 5 in Spellcasting
   479 | D:6      | Learned a level 5 spell: Iskenderun's Battlesphere
   520 | D:6      | Found an opulent altar of Gozag.
   580 | D:4      | Found a staircase to the Ecumenical Temple.
   585 | D:4      | Got a transparent buckler
   641 | Temple   | Entered the Ecumenical Temple
   680 | Temple   | Identified the cursed +0 buckler of the Wary Souls {rPois} (You found it on level 4 of the Dungeon)
   696 | D:4      | Reached skill level 1 in Charms
   709 | D:4      | Reached XP level 6. HP: 9/32 MP: 2/16
   744 | D:4      | Found a shimmering altar of Xom.
   786 | D:4      | Noticed a sky beast
   847 | D:4      | Killed a sky beast
   847 | D:4      | Reached skill level 1 in Shields
   847 | D:4      | Reached skill level 7 in Conjurations
  1183 | D:3      | Found a roughly hewn altar of Beogh.
  1282 | D:4      | Noticed Menkaure
  1285 | D:4      | Killed Menkaure
  1285 | D:4      | Reached XP level 7. HP: 36/36 MP: 4/18
  1348 | D:5      | Found a basalt altar of Yredelemnul.
  1495 | D:5      | Reached skill level 8 in Conjurations
  1505 | D:5      | Found a deep blue altar of Sif Muna.
  1568 | D:6      | Slain by a hound

Vault maps used:
D:1:      shiori_arrival_maze, interstate_on_off, minmay_pentomino_z4
D:2:      first_bread, uniq_natasha
D:3:      kennysheep_slug_shrine, kennysheep_orc_chapel
D:4:      xom_teletrap_fun, uniq_menkaure
D:5:      elyvilon_altar_1, led_sif_pool, lemuel_crystal_altar, serial_glass,
          glass_columns_a, glass_columns_a
D:6:      grunt_gozag_breadcrumbs, serial_bayou_pond_c, uniq_eustachio,
          uniq_blork_the_orc, uniq_edmund, uniq_prince_ribbit1
D:7:      uniq_pikel
Temple:   dpeg_three_leaves_temple

Skill      XL: |  1  2  3  4  5  6  7 |
---------------+----------------------+-----
Conjurations   | 5 6 7 8 |  8.2
Spellcasting   | 4 5 6 |  6.7
Charms         | 1 3 4 |  4.0
Shields        | 1 |  1.9
Dodging        | |  2.4
Stealth        | |  2.4

Action                   |  1- 3 |  4- 6 |  7- 9 || total
-------------------------+-------+-------+-------++-------
Melee: Whip              |     3 |       |    16 ||    19
       Staff             |       |     1 |     1 ||     2
Throw: Javelin           |     5 |     2 |       ||     7
 Cast: Magic Dart        |    16 |    25 |     4 ||    45
       Searing Ray       |     3 |    22 |    10 ||    35
       Iskenderun's Myst |       |     1 |     2 ||     3
       Iskenderun's Batt |       |       |     1 ||     1
  Use: Potion            |       |     1 |       ||     1
       Scroll            |       |       |    11 ||    11
  Eat: Chunk             |       |     1 |     2 ||     3
Armor: Robe              |     1 |     5 |     7 ||    13
Dodge: Dodged            |    10 |    27 |    38 ||    75
Block: Buckler           |       |     7 |     7 ||    14
